 Dungeon Crawl Stone Soup version 0.26.1-11-gd32895ea62 (webtiles) character file.

Game seed: 15014558059383723276

3447 Hypnoxylon the Cudgeller (level 9, -10/92 HPs)
             Began as a Troll Fighter on July 18, 2021.
             Was a Follower of Okawaru.
             Killed by the air
             ... invoked by Gastronok
              (30 damage)
             ... on level 8 of the Dungeon.
             The game lasted 00:29:42 (7844 turns).

Hypnoxylon the Cudgeller (Troll Fighter)            Turns: 7844, Time: 00:29:42

Health: -10/92     AC:  9    Str: 26    XL:     9   Next: 77%
Magic:  8/8        EV: 10    Int:  5    God:    Okawaru [*.....]
Gold:   217        SH:  0    Dex: 11    Spells: 6/8 levels left

rFire    . . .     SeeInvis +   b - +2 dagger (venom)
rCold    . . .     Faith    .   c - +0 kite shield
rNeg     . . .     Spirit   .   D - +0 steam dragon scales
rPois    +         Reflect  .   (helmet restricted)
rElec    .         Harm     .   (no cloak)
rCorr    .         Rampage  .   (gloves unavailable)
Will     .....                  (boots unavailable)
Stlth    +.........             y - amulet of the acrobat
HPRegen  0.65/turn              e - ring of see invisible
MPRegen  0.11/turn              u - ring of poison resistance

@: confused, brilliant, attractive
A: large, unfitting armour, claws 3, high mp 1, mutation resistance 2,
regeneration 1, shaggy fur 1, tough skin 3
a: Renounce Religion, Heroism


You were on level 8 of the Dungeon.
You worshipped Okawaru.
Okawaru was aware of your devotion.
You visited 2 branches of the dungeon, and saw 10 of its levels.
You also visited: Sewer.

You collected 434 gold pieces.
You spent 217 gold pieces at shops.


Innate Abilities, Weirdness & Mutations

You are too large for most types of armour.
You have claws for hands.
Your natural rate of healing is unusually fast.
You are covered in fur. (AC +1)
You have extremely tough skin. (AC +3)
You have an increased reservoir of magic. (+10% MP)
You are somewhat resistant to both further mutation and mutation removal.


   Skills:
 + Level 6.6 Fighting
 * Level 7.1 Maces & Flails
 - Level 4.4 Throwing
 - Level 4.9 Dodging
 * Level 5.2 Shields
 - Level 0.1 Invocations
 - Level 0.1 Evocations


You had 6 spell levels left.
You knew the following spells:

 Your Spells              Type           Power        Failure   Level
a - Blink                 Tloc           N/A          87%         2

Your spell library contained the following spells:

 Spells                   Type           Power        Failure   Level
 Magic Dart               Conj           0%           75%         1
 Call Imp                 Summ           0%           87%         2
 Slow                     Hex            0%           87%         2
 Conjure Flame            Conj/Fire      0%           98%         3
 Mephitic Cloud           Conj/Pois/Air  0%           98%         3

Inventory:

Hand Weapons
 a - a +0 whip
 b - a +2 dagger of venom (weapon)
 r - a +2 dagger of flaming
Missiles
 f - 266 stones (quivered)
 h - 2 boomerangs
Armour
 c - a +0 kite shield (worn)
 D - +0 steam dragon scales (worn)
Jewellery
 e - a ring of see invisible (left claw)
 o - an uncursed ring of positive energy
 p - an uncursed ring of willpower
 u - a ring of poison resistance (right claw)
 x - an uncursed ring of protection from cold
 y - an amulet of the acrobat (around neck)
Wands
 j - a wand of acid (1)
 z - a wand of flame (19)
Scrolls
 d - a scroll of noise
 g - 4 scrolls of teleportation
 n - 2 scrolls of enchant weapon
 t - 4 scrolls of remove curse
Potions
 i - 3 potions of brilliance
 l - a potion of flight
 m - a potion of attraction


Message History

You see here a +0 flail.
You miss the orc. The gnoll hits you with a +0 flail. The orc misses you.
You closely miss the gnoll.
The killer bee zombie closely misses you.
The gnoll hits you but does no damage. The orc hits you with a +0 club.
Gastronok waves his eye-stalks in wide circles.
The air twists around and strikes you!!
* * * LOW HITPOINT WARNING * * *
You puncture the killer bee zombie!
The killer bee zombie is moderately damaged.
The killer bee zombie hits you.
* * * LOW HITPOINT WARNING * * *
The killer bee zombie hits you.
* * * LOW HITPOINT WARNING * * *
The orc hits you but does no damage. The gnoll hits you but does no damage.
You bump into the rock wall.
The killer bee zombie closely misses you.
Gastronok waves his eye-stalks in wide circles.
The air twists around and strikes you!!
You die...

##....(...........##
#$.............#.##
#................##
#....#..>$#......##
#..#.)#.###.....##
#.....####.......##
##w...# #........#
#ogZ..# ##.#.....#
##@.### #.###...#
#### ### #####


You could see Gastronok (very poisoned), a gnoll, an orc and a killer bee
zombie.

Vanquished Creatures
  Maggie (D:7)
  2 wyverns
  Eustachio (D:5)
  2 black bears
  An ice beast (D:6)
  4 phantoms
  3 ogres
  A necrophage (D:7)
  4 centaurs
  A big kobold (Sewer)
  3 bullfrogs
  A wyvern skeleton (D:7)
  2 howler monkeys
  2 centaur zombies (D:5)
  A bullfrog zombie (D:6)
  A hound (D:7)
  3 orc priests
  A centaur skeleton (D:8)
  3 jellies
  7 orc wizards
  2 bullfrog skeletons
  A gnoll shaman (D:6)
  An iguana (D:6)
  3 worker ants
  2 worker ant zombies
  10 adders
  8 gnolls
  A shadow imp (D:5)
  3 white imps
  An ufetubus (D:6)
  2 oozes (D:2)
  An adder zombie (D:8)
  3 worms
  4 dart slugs
  3 leopard geckos
  28 orcs
  2 ball pythons
  7 bats
  6 giant cockroaches
  5 goblins
  5 hobgoblins
  19 jackals
  13 kobolds
  3 quokkas
  A ball python skeleton (D:6)
  3 frilled lizards
  A leopard gecko zombie (D:6)
  A quokka zombie (D:5)
  10 rats
193 creatures vanquished.

Vanquished Creatures (others)
  A human (D:6)
1 creature vanquished.

Grand Total: 194 creatures vanquished

Notes
Turn   | Place    | Note
-------+----------+-------------------------------------------
     0 | D:1      | Hypnoxylon the Troll Fighter began the quest for the Orb.
     0 | D:1      | Reached XP level 1. HP: 22/22 MP: 0/0
   116 | D:1      | Reached skill level 2 in Maces & Flails
   121 | D:1      | Reached XP level 2. HP: 28/29 MP: 1/1
   659 | D:2      | Reached XP level 3. HP: 36/36 MP: 2/2
   771 | D:2      | Reached skill level 1 in Throwing
  1120 | D:3      | Learned a level 2 spell: Blink
  1191 | D:3      | Reached skill level 3 in Fighting
  1191 | D:3      | Reached XP level 4. HP: 36/45 MP: 3/3
  1487 | D:3      | Found a sparkling altar of Nemelex Xobeh.
  1661 | D:3      | Reached XP level 5. HP: 53/53 MP: 4/4
  1798 | D:3      | Reached skill level 3 in Maces & Flails
  1798 | D:3      | Reached skill level 3 in Dodging
  2316 | D:4      | Noticed a phantom
  2370 | D:4      | Killed a phantom
  2371 | D:4      | Reached skill level 3 in Shields
  2371 | D:4      | Reached XP level 6. HP: 46/62 MP: 5/5
  2469 | D:4      | You fall into a shaft and drop 1 floor!
  2469 | D:5      | Entered Level 5 of the Dungeon
  2553 | D:4      | Found a stormy altar of Qazlal.
  3007 | D:4      | HP: 12/62 [phantom (4)]
  3021 | D:4      | HP: 12/62 [phantom (3)]
  3027 | D:4      | HP: 4/62 [phantom (4)]
  3035 | D:4      | HP: 9/62 [phantom (6)]
  3040 | D:4      | Reached skill level 4 in Maces & Flails
  3040 | D:4      | Reached XP level 7. HP: 13/70 MP: 6/6
  4039 | D:5      | Noticed Eustachio
  4070 | D:5      | HP: 14/71 [poisoned by a worker ant]
  4073 | D:5      | HP: 6/71 [quokka[Eustachio] (1)]
  4074 | D:5      | Killed Eustachio
  4079 | D:5      | HP: 13/71 [worker ant (3)]
  4084 | D:5      | HP: 12/71 [poisoned by a worker ant]
  4090 | D:5      | HP: 13/71 [poisoned by a worker ant]
  4289 | D:5      | Found Xoet's Antique Armour Shoppe.
  4297 | D:5      | Bought a helmet for 112 gold pieces
  4297 | D:5      | Bought an embroidered robe for 92 gold pieces
  4336 | D:5      | Noticed a wyvern
  4356 | D:5      | HP: 19/106 [wyvern (14)]
  4358 | D:5      | Killed a wyvern
  4359 | D:5      | Reached XP level 8. HP: 22/79 MP: 7/7
  4363 | D:5      | HP: 23/118 [jackal (2)]
  4461 | D:5      | Found Fearau's Magic Scroll Shop.
  4469 | D:5      | Bought a scroll of noise for 13 gold pieces
  4491 | D:5      | Found Mukhotaf's Weapon Boutique.
  4538 | D:5      | Reached skill level 3 in Throwing
  4665 | D:5      | Reached skill level 5 in Maces & Flails
  5270 | D:6      | Found a glowing drain.
  5280 | Sewer    | Entered a sewer
  5414 | Sewer    | Found a white marble altar of Elyvilon.
  5594 | D:6      | Found an ancient bone altar of Kikubaaqudgha.
  5996 | D:6      | Reached XP level 9. HP: 88/89 MP: 8/8
  6144 | D:6      | Reached skill level 6 in Maces & Flails
  6420 | D:6      | Found a staircase to the Ecumenical Temple.
  6425 | Temple   | Entered the Ecumenical Temple
  6475 | Temple   | Became a worshipper of Warmaster Okawaru
  6859 | D:7      | Reached skill level 6 in Fighting
  6883 | D:7      | Noticed Maggie
  6898 | D:7      | Killed Maggie
  7190 | D:7      | Noticed Harold
  7503 | D:8      | Reached * piety under Okawaru
  7691 | D:8      | Reached skill level 7 in Maces & Flails
  7796 | D:8      | Noticed Gastronok
  7812 | D:9      | Gained mutation: You have an increased reservoir of magic.
                  | (+10% MP) [potion of mutation]
  7812 | D:9      | Gained mutation: Scrolls take you a little longer to read.
                  | [potion of mutation]
  7812 | D:9      | Gained mutation: You are somewhat resistant to further
                  | mutation. [potion of mutation]
  7813 | D:9      | Lost mutation: Scrolls take you a little longer to read.
                  | [potion of mutation]
  7813 | D:9      | Gained mutation: You are somewhat resistant to both further
                  | mutation and mutation removal. [potion of mutation]
  7832 | D:8      | HP: 15/92 [Gastronok/the air (36)]
  7842 | D:8      | HP: 18/92 [Gastronok/the air (19)]
  7844 | D:8      | Killed from afar by Gastronok

Levels and vault maps discovered:
D:1:      dpeg_arrival_solitude, layout_basic, chequers_serial_rivers_micro_e
D:2:      layout_rooms, kennysheep_potato
D:3:      layout_loops_corners, nemelex_spade_bored_becter
D:4:      minmay_wonky_spiral, layout_basic, grunt_qazlal_clouds
D:5:      layout_basic, serial_shops, shop_fountains, kennysheep_mini_moat,
          shop, minmay_diced_spiral, uniq_eustachio
D:6:      layout_gridville, minmay_temple_entry_nine_rooms,
          portal_sewer_entry_a, tgw_kikubaaqudgha
D:7:      layout_gridville, uniq_harold, uniq_maggie
D:8:      layout_cave_pools, basic_altar, st_stairs_14, dk_rats_in_the_wall,
          uniq_gastronok
D:9:      layout_basic, uniq_joseph
Temple:   compressed_dpeg_circular_temple

Action                   |  1- 3 |  4- 6 |  7- 9 || total
-------------------------+-------+-------+-------++-------
Melee: Flail             |    10 |       |       ||    10
       Whip              |    43 |       |    67 ||   110
       Dagger            |    55 |   208 |   515 ||   778
Throw: Stone             |    20 |    27 |     1 ||    48
       Dart              |       |    13 |    29 ||    42
       Boomerang         |       |       |    47 ||    47
Invok: Heroism           |       |       |     1 ||     1
Evoke: Wand              |       |       |     7 ||     7
  Use: Scroll            |       |     9 |     8 ||    17
       Potion            |       |     5 |    14 ||    19
 Stab: Invisible         |       |     1 |       ||     1
Armor: Robe              |    41 |    57 |   141 ||   239
       Steam dragon scal |       |       |    70 ||    70
Dodge: Dodged            |    59 |    86 |   239 ||   384
Block: Kite shield       |     7 |    29 |   329 ||   365
